 Dungeon Crawl Stone Soup version 0.17-a0-28-g87cc296 (webtiles) character file.

4980 Minkie the Basher (level 10, -2/104 HPs)
             Began as an Ogre Skald on Mar 7, 2015.
             Was a High Priest of Okawaru.
             Slain by Guenter's ghost (7 damage)
             ... on level 9 of the Dungeon.
             The game lasted 00:42:53 (10218 turns).

Minkie the Basher (Ogre Skald)                     Turns: 10218, Time: 00:42:53

Health: -2/104     AC:  7    Str: 19    XL:     10   Next: 53%
Magic:  17/25      EV: 11    Int: 19    God:    Okawaru [*****.]
Gold:   762        SH:  0    Dex:  9    Spells: 2 memorised, 17 levels left

rFire  . . .     SeeInvis .     v - +3 giant spiked club
rCold  . . .     Clarity  .     G - +2 robe {MR+}
rNeg   . . .     SustAb   +     (shield restricted)
rPois  .         Gourm    .     (helmet restricted)
rElec  .         Spirit   .     k - +1 cloak
rCorr  .         Warding  .     (gloves unavailable)
rMut   .         Stasis   .     (boots unavailable)
MR     ++...                    (no amulet)
Stlth  +.........               x - ring of sustain abilities
                                f - +5 ring of intelligence

@: very slightly contaminated, regenerating, very resistant to hostile
enchantments, very unstealthy
A: unfitting armour, tough skin 1
a: Heroism, Finesse, Renounce Religion


You were on level 9 of the Dungeon.
You worshipped Okawaru.
Okawaru was extremely pleased with you.
You were not hungry.

You visited 1 branch of the dungeon, and saw 9 of its levels.

You collected 762 gold pieces.

Inventory:

Hand weapons
 v - a +3 giant spiked club (weapon)
Missiles
 w - 4 large rocks (quivered)
Armour
 k - a +1 cloak (worn)
 G - a +2 robe of magic resistance (worn)
Jewellery
 f - a +5 ring of intelligence (left hand)
 x - a ring of sustain abilities (right hand)
 y - an uncursed ring of magical power
Magical devices
 A - a wand of digging (24)
 F - a wand of digging (2)
Scrolls
 a - a scroll of amnesia
 g - a scroll of fog
 i - 3 scrolls of teleportation
 j - 7 scrolls of identify
 B - 2 scrolls of remove curse
Potions
 h - a potion of heal wounds
 p - 2 potions of might
 q - a potion of invisibility
 r - a potion of resistance
 u - 4 potions of curing
 z - a potion of restore abilities
Books
 c - a book of Battle

   Spells                             Type                      Level
   a - Infusion                       Charms                       1
   b - Shroud of Golubria             Charms/Translocation         2
   c - Song of Slaying                Charms                       2
   d - Spectral Weapon                Hexes/Charms                 3
   e - Regeneration                   Charms/Necromancy            3
 e - a book of Conjurations

   Spells                             Type                      Level
   a - Magic Dart                     Conjuration                  1
   b - Searing Ray                    Conjuration                  2
   c - Dazzling Spray                 Conjuration/Hexes            3
   d - Fulminant Prism                Conjuration/Hexes            4
   e - Iskenderun's Mystic Blast      Conjuration                  4
   f - Iskenderun's Battlesphere      Conjuration/Charms           5
 s - a book of Geomancy

   Spells                             Type                      Level
   a - Sandblast                      Earth                        1
   b - Stoneskin                      Transmutation/Earth          2
   c - Passwall                       Transmutation/Earth          3
   d - Stone Arrow                    Conjuration/Earth            3
   e - Petrify                        Transmutation/Earth          4
   f - Lee's Rapid Deconstruction     Earth                        5
Comestibles
 b - 4 chunks of flesh
 d - 7 meat rations
 m - 9 slices of pizza
 n - 6 bread rations
 o - 3 beef jerkies
 C - a royal jelly
 E - 3 fruits


   Skills:
 + Level 8.1 Fighting
 + Level 12.8 Maces & Flails
 - Level 2.0 Throwing
 - Level 0.7 Armour
 + Level 4.9 Dodging
 + Level 7.0 Spellcasting
 - Level 2.0 Hexes
 - Level 3.1 Charms
 - Level 2.0 Necromancy


You had 17 spell levels left.
You knew the following spells:

 Your Spells              Type           Power        Failure   Level  Hunger
b - Regeneration          Chrm/Necr      ###.......   12%         3    #......
c - Spectral Weapon       Hex/Chrm       ###.....     12%         3    #......


Dungeon Overview and Level Annotations

Branches:
Dungeon (9/15)             Temple (0/1) D:6
   Lair: D:8-11         Orc: D:9-12

Altars:
Dithmenos
Fedhas
Gozag
Okawaru
Qazlal
Trog
Zin

Shops:
D:6 *   D:8 %

Annotations:
D:9 Guenter's ghost, experienced TrMo


Innate Abilities, Weirdness & Mutations

You are too large for most types of armour.
You have tough skin (AC +1).


Message History

Guenter's ghost hits you!! Guenter's ghost burns you.
You hit Guenter's ghost but do no damage.
Guenter's ghost is moderately damaged.
Your spectral weapon closely misses Guenter's ghost.
Guenter's ghost hits you! Guenter's ghost burns you.
* * * LOW HITPOINT WARNING * * *
Casting: Spectral Weapon
Confirm with . or Enter, or press ? or * to list all spells.
You miscast Regeneration.
You are very lightly contaminated with residual magic.
Nothing appears to happen.
Guenter's ghost hits you.
* * * LOW HITPOINT WARNING * * *
Guenter's ghost burns you.
* * * LOW HITPOINT WARNING * * *
Casting: Regeneration
Confirm with . or Enter, or press ? or * to list all spells.
Your skin crawls.
Guenter's ghost hits you!!
* * * LOW HITPOINT WARNING * * *
Guenter's ghost burns you!
You die...

# ### #####'##### ......#
#.........# .........#
#.@W......# ..........#
###..(......# ..........#
#.'.........#
..........###รท#.........#
..........#...#.........+
..........#.###.........#
.........().# ##'########
.....(....### #(######
####.###### #......#


You could see Guenter's ghost and a friendly spectral giant spiked club.

Vanquished Creatures
  Psyche (D:8)
  A two-headed ogre (D:8)
  A hog (D:7)
  A human (D:7)
  2 wyverns
  2 yaks (D:9)
  A water moccasin (D:6)
  2 hippogriffs
  3 sky beasts
  3 black bears
  An orc warrior (D:6)
  2 centaurs
  4 ice beasts
  An ogre (D:4)
  A phantom (D:7)
  Sigmund (D:2)
  Duvessa (D:6)
  Blork the orc (D:4)
  A big kobold (D:9)
  2 giant frogs (D:8)
  3 scorpions
  3 wights (D:8)
  An electric eel (D:6)
  Dowan (D:6)
  4 hounds
  A quasit (D:8)
  2 crimson imps
  A goliath beetle (D:7)
  An orc priest (D:6)
  2 centaur skeletons
  2 iguanas
  6 orc wizards
  4 worker ants
  Natasha (twice) (D:3)
  Jessica (D:2)
  3 sheep (D:7)
  A hound zombie (D:8)
  A hound skeleton (D:6)
  2 worker ant zombies
  10 adders
  6 gnolls
  2 shadow imps
  A giant mite (D:5)
  9 worms
  2 adder zombies
  6 giant geckos
  An ooze (D:5)
  28 orcs
  4 ball pythons
  A bat skeleton (D:5)
  3 giant cockroaches
  9 hobgoblins
  11 jackals
  14 kobolds
  4 quokkas
  11 bats
  A giant gecko skeleton (D:6)
  3 giant newts
  12 goblins
  A jackal skeleton (D:8)
  11 rats
  A fungus (D:6)
224 creatures vanquished.

Notes
Turn   | Place    | Note
--------------------------------------------------------------
     0 | D:1      | Minkie, the Ogre Skald, began the quest for the Orb.
     0 | D:1      | Reached XP level 1. HP: 22/22 MP: 3/3
   151 | D:1      | Reached skill level 3 in Fighting
   224 | D:1      | Reached XP level 2. HP: 31/31 MP: 5/5
   737 | D:2      | Reached XP level 3. HP: 36/39 MP: 6/6
   846 | D:2      | Learned a level 3 spell: Regeneration
  1044 | D:2      | Found an iron altar of Okawaru.
  1064 | D:2      | Reached skill level 4 in Fighting
  1119 | D:2      | Noticed Sigmund
  1148 | D:3      | Noticed Natasha
  1159 | D:3      | Reached XP level 4. HP: 44/48 MP: 8/8
  1258 | D:2      | Became a worshipper of Warmaster Okawaru
  1337 | D:2      | Noticed Jessica
  1358 | D:2      | Killed Jessica
  1540 | D:2      | Noticed a moth of wrath
  1542 | D:2      | Found a bloodstained altar of Trog.
  1963 | D:2      | Killed Sigmund
  1963 | D:2      | Reached skill level 5 in Maces & Flails
  1963 | D:2      | Reached skill level 1 in Necromancy
  1963 | D:2      | Reached XP level 5. HP: 38/54 MP: 9/11
  2124 | D:3      | Acquired Okawaru's first power
  2195 | D:3      | Found a stormy altar of Qazlal.
  2236 | D:3      | Reached XP level 6. HP: 59/62 MP: 13/13
  2278 | D:3      | Found a blossoming altar of Fedhas.
  2336 | D:3      | Killed Natasha
  2828 | D:3      | Noticed Natasha
  2830 | D:3      | Killed Natasha
  2830 | D:3      | Reached skill level 6 in Maces & Flails
  3068 | D:4      | Reached XP level 7. HP: 13/70 MP: 11/15
  3620 | D:4      | Learned a level 3 spell: Spectral Weapon
  4199 | D:4      | Noticed Blork the orc
  4208 | D:4      | Killed Blork the orc
  4208 | D:4      | Reached skill level 7 in Maces & Flails
  4678 | D:4      | Found an opulent altar of Gozag.
  4679 | D:4      | Found a shadowy altar of Dithmenos.
  5036 | D:5      | Entered Level 5 of the Dungeon
  5067 | D:5      | Reached skill level 1 in Hexes
  5853 | D:6      | Reached skill level 8 in Maces & Flails
  5853 | D:6      | Reached XP level 8. HP: 62/78 MP: 18/18
  6261 | D:6      | Found a staircase to the Ecumenical Temple.
  6302 | D:6      | Noticed Dowan
  6303 | D:6      | Noticed Duvessa
  6309 | D:6      | Killed Duvessa
  6312 | D:6      | Killed Dowan
  6382 | D:6      | Reached skill level 9 in Maces & Flails
  6382 | D:6      | Reached skill level 5 in Spellcasting
  6438 | D:6      | Reached skill level 1 in Dodging
  6574 | D:6      | Found Behe's Serpentskin Sales.
  6771 | D:6      | Reached skill level 5 in Fighting
  6771 | D:6      | Reached skill level 10 in Maces & Flails
  6919 | D:6      | Reached XP level 9. HP: 28/88 MP: 21/21
  8045 | D:7      | Reached skill level 11 in Maces & Flails
  8750 | D:7      | Found a glowing silver altar of Zin.
  8906 | D:8      | Found Khead's Food Emporium.
  8985 | D:8      | Noticed Psyche
  9026 | D:8      | Received a gift from Okawaru
  9026 | D:8      | Reached skill level 12 in Maces & Flails
  9286 | D:8      | Reached XP level 10. HP: 98/102 MP: 24/24
  9847 | D:8      | Killed Psyche
  9847 | D:8      | Reached skill level 1 in Throwing
  9922 | D:9      | Acquired Okawaru's second power
 10196 | D:9      | Received a gift from Okawaru
 10212 | D:9      | Noticed Guenter's ghost (experienced TrMo)
 10218 | D:9      | HP: 5/104 [Guenter's ghost (20)]
 10218 | D:9      | Slain by Guenter's ghost

Action                   |  1- 3 |  4- 6 |  7- 9 | 10-12 || total
-------------------------+-------+-------+-------+-------++-------
Melee: Mace              |    73 |   174 |       |       ||   247
       Giant spiked club |       |       |   292 |    70 ||   362
 Cast: Regeneration      |       |     2 |     5 |     2 ||     9
       Spectral Weapon   |       |       |       |     2 ||     2
  Use: Potion            |       |     2 |       |       ||     2
       Scroll            |       |       |    17 |     1 ||    18
  Eat: Chunk             |     1 |     6 |    21 |     3 ||    31
